 Dungeon Crawl Stone Soup version 0.31-a0-237-g2d982f9f85 (webtiles) character file.

Game seed: 6238580242730626970

32 qw the Shooter (level 3, -3/21 HPs)
             Began as a Gargoyle Hexslinger on July 10, 2023.
             Slain by Sigmund
             ... wielding a +0 scythe
              (5 damage)
             ... on level 2 of the Dungeon.
             The game lasted 00:00:24 (858 turns).

qw the Shooter (Gargoyle Hexslinger)                 Turns: 858, Time: 00:00:25

Health: -3/21      AC:  9    Str: 11    XL:     3   Next: 27%
Magic:  4/4        EV: 10    Int: 13    God:
Gold:   74         SH:  0    Dex: 14    Spells: 3/4 levels left

rFire   . . .        Y - +1 sling
rCold   . . .        (no shield)
rNeg    + . .        d - +0 ring mail
rPois   inf          (no helmet)
rElec   +            (no cloak)
rCorr   .            (no gloves)
SInv    .            e - +0 pair of boots
Will    .....        (no amulet)
Stlth   +            (no ring)
HPRegen 0.23/turn    (no ring)
MPRegen 0.09/turn

%: no passive effects
@: no status effects
A: sickness immunity, AC +3, negative energy resistance 1, electricity
resistance, torment resistance 1, petrification resistance
a: no special abilities


You were on level 2 of the Dungeon.
You visited 1 branch of the dungeon, and saw 2 of its levels.

You collected 74 gold pieces.


Innate Abilities, Weirdness & Mutations

You are immune to sickness and miasma.
Your stone body is resilient. (AC +3)
You are immune to poison.
You resist negative energy. (rN+)
You are resistant to electric shocks. (rElec)
You are resistant to unholy torment.
You are immune to petrification.


   Skills:
 - Level 2.0 Fighting
 - Level 3.1 Ranged Weapons
 + Level 0.5 Armour
 - Level 1.5 Dodging
 - Level 1.0 Spellcasting
 - Level 2.6 Hexes


You had 3 spell levels left.
You knew the following spells:

 Your Spells              Type           Power      Damage    Failure   Level
a - Slow                  Hex            28%        N/A       22%         1

Your spell library contained the following spells:

 Spells                   Type           Power      Damage    Failure   Level
 Inner Flame              Hex/Fire       4%         N/A       75%         3
 Portal Projectile        Hex/Tloc       8%         N/A       75%         3
 Cause Fear               Hex            3%         N/A       92%         4

Inventory:

Hand Weapons
 Y - a +1 sling (weapon)
Armour
 a - a +0 helmet
 d - a +0 ring mail (worn)
 e - a +0 pair of boots (worn)
Jewellery
 b - a ring of ice

Dungeon Overview and Level Annotations

Branches:
Dungeon (2/15)

Altars:

Annotations:
D:2 Sigmund


Message History

You kill the kobold!
Sigmund misses you.
You shoot a sling bullet.
The sling bullet closely misses Sigmund.
The bat barely misses you. Sigmund closely misses you.
The goblin barely misses you.
You shoot a sling bullet.
The sling bullet barely misses the goblin.
The bat barely misses you. The bat misses you.
Sigmund gestures wildly while chanting.
Sigmund flickers and vanishes!
Deactivating autopickup; reactivate with Ctrl-A.
The goblin hits you but does no damage. The bat hits you.
Something hits you but does no damage.
You shoot a sling bullet. The sling bullet hits the goblin.
You kill the goblin!
The bat hits you. Something hits you but does no damage.
You shoot a sling bullet.
The sling bullet closely misses the bat.
The bat barely misses you.
You shoot a sling bullet.
The sling bullet closely misses the bat.
The bat closely misses you.
You hear some strange, mumbled words.
You are confused.
Something hits you. The bat hits you but does no damage. x2
The bat closely misses you. Something hits you but does no damage.
The bat hits you but does no damage. Something hits you.
The bat hits you but does no damage. x2
Something hits you but does no damage. The bat barely misses you.
Something hits you.
You feel less confused.
You shoot a sling bullet.
The sling bullet closely misses the bat.
The bat barely misses you. Something hits you.
You shoot a sling bullet. The sling bullet hits the bat.
You kill the bat!
Something hits you.
You die...

.## #. .... #.## ...#
..# ... ..## #.##..#
## ####.....######..
#..###...........
#####.....#.###......
#.).@.###............
#.###).......#)..##
.....@){######...#...
.Kg.##### #.(...# ##
.. #.###.# #. #.##
### # #..##...
#...#.# ##.....#


There were no monsters in sight!

Vanquished Creatures
  A dart slug (D:1)
  4 bats
  3 endoplasms (D:1)
  2 giant cockroaches (D:1)
  3 goblins
  6 hobgoblins (D:1)
  2 ball pythons
  2 frilled lizards
  4 kobolds
  3 rats (D:1)
30 creatures vanquished.

Notes
Turn   | Place    | Note
-------+----------+-------------------------------------------
     0 | D:1      | qw the Gargoyle Hexslinger began the quest for the Orb.
     0 | D:1      | Reached XP level 1. HP: 12/12 MP: 2/2
     0 | D:1      | 0 ||| qw: Version: 0.3-a-52-g30416fa
     0 | D:1      | 0 ||| qw: Game counter: 5298
     0 | D:1      | 0 ||| qw: Melee chars always use a shield: true
     0 | D:1      | 0 ||| qw: God list: Okawaru
     0 | D:1      | 0 ||| qw: Allow faded altars: false
     0 | D:1      | 0 ||| qw: Do Orc after clearing Dungeon:15 true
     0 | D:1      | 0 ||| qw: Do second Lair branch before Depths: true
     0 | D:1      | 0 ||| qw: Lair rune preference: random
     0 | D:1      | 0 ||| qw: Goals: Normal
     0 | D:1      | 0 ||| PLANNING D:1-11
   152 | D:1      | Reached XP level 2. HP: 16/16 MP: 3/3
   187 | D:1      | Reached skill level 3 in Ranged Weapons
   241 | D:1      | Found a faded altar of an unknown god.
   323 | D:1      | Reached XP level 3. HP: 20/21 MP: 4/4
   637 | D:1      | 637 ||| UPGRADING to +0 ring mail.
   647 | D:1      | 647 ||| DROPPING +0 robe.
   648 | D:1      | 648 ||| UPGRADING to +0 pair of boots.
   653 | D:1      | 653 ||| READING scroll labelled VOUPRIL XESETODGH.
   654 | D:1      | 654 ||| READING scroll labelled WEDITA POSEOG.
   655 | D:1      | 655 ||| READING scroll labelled WOYCUM SEMOXO.
   656 | D:1      | 656 ||| DRINKING 2 cyan potions.
   760 | D:1      | 760 ||| DROPPING scroll of poison.
   761 | D:1      | 761 ||| DROPPING potion of berserk rage.
   836 | D:2      | Noticed Sigmund
   841 | D:2      | 841 ||| Stepping ~*~*~tactically~*~*~ (outnumbered).
   852 | D:2      | HP: 5/21 [something (6)]
   855 | D:2      | HP: 2/21 [something (3)]
   858 | D:2      | Slain by Sigmund

Levels and vault maps discovered:
D:1:      dpeg_arrival_tiny_d, layout_basic,
          hellmonk_ecumenical_altar_leap_of_faith, minmay_pentomino_r2
D:2:      layout_rooms, uniq_sigmund

Skill      XL: |  1  2 |
---------------+-------+-----
Ranged Weapons | 3 |  3.1
Fighting       | 2 |  2.0
Armour         | |  0.5
Dodging        | |  1.5
Spellcasting   | |  1.0
Hexes          | |  2.6

Action                     || total
---------------------------++-------
   Fire: Sling             ||    92
    Use: Scroll            ||     3
         Potion            ||     1
 Armour: Robe              ||    20
         Ring mail         ||    12
  Dodge: Dodged            ||    39

Table legend:
 A = Non-vault XP
 B = Vault XP
 C = Vault XP percentage of total XP
 D = Non-vault monster count
 E = Vault monster count
 F = Vault count percentage of total count
                 A         B        C        D         E       F
            +---------+---------+-------+---------+---------+-------
      Total |      46 |       2 |   4.2 |      29 |       1 |   3.3
            +---------+---------+-------+---------+---------+-------
        D:1 |      38 |       2 |   5.0 |      22 |       1 |   4.3
        D:2 |       8 |       0 |   0.0 |       7 |       0 |   0.0
            +---------+---------+-------+---------+---------+-------
